 Dungeon Crawl Stone Soup version 0.28.0-43-g3370ac3207 (webtiles) character file.

Game seed: 6531621266840466115

145 jimonade the Nimble (level 5, 0/40 HPs)
             Began as a Gnoll Wanderer on Mar 16, 2022.
             Slain by an orc
             ... wielding a +0 flail
              (1 damage)
             ... on level 3 of the Dungeon.
             The game lasted 00:07:31 (3111 turns).

jimonade the Nimble (Gnoll Wanderer)                Turns: 3111, Time: 00:07:32

Health: 0/40       AC:  9    Str: 14    XL:     5   Next: 27%
Magic:  6/7        EV:  8    Int:  9    God:
Gold:   124        SH:  0    Dex: 13    Spells: 6/6 levels left

rFire   . . .      SeeInvis .   k - +0 short sword (speed)
rCold   . . .      Faith    .   (no shield)
rNeg    . . .      Spirit   .   u - +0 chain mail
rPois   .          Reflect  .   (no helmet)
rElec   .          Harm     .   (no cloak)
rCorr   .          Rampage  .   (no gloves)
Will    .....                   d - +0 pair of boots
Stlth   ..........              (no amulet)
HPRegen 0.13/turn               (no ring)
MPRegen 0.10/turn               (no ring)

@: no status effects
A: fangs 1, strong nose, distributed training
a: no special abilities


You were on level 3 of the Dungeon.
You visited 1 branch of the dungeon, and saw 3 of its levels.

You collected 124 gold pieces.

Inventory:

Hand Weapons
 a - a +2 shortbow
 c - a +0 spear
 j - a +0 battleaxe of draining
 k - a +0 short sword of speed (weapon)
 l - a +0 club
Missiles
 b - 44 arrows
 f - 77 stones (quivered)
 g - 38 bolts
 w - a throwing net
Armour
 d - a +0 pair of boots (worn)
 e - a +0 leather armour
 u - a +0 chain mail (worn)
Jewellery
 p - a +6 ring of intelligence
Wands
 m - a wand of iceblast (9)
Scrolls
 h - a scroll of teleportation
 t - a scroll of summoning {unknown}
 v - a scroll of identify {unknown}
Potions
 i - 2 potions of berserk rage {unknown}
 n - a potion of curing {unknown}
 o - 2 potions of heal wounds {unknown}
 q - a potion of magic {unknown}
 r - a potion of haste {unknown}
 s - a potion of attraction {unknown}


   Skills:
 + Level 2.9 Fighting
 + Level 1.4 Short Blades
 + Level 1.4 Long Blades
 + Level 1.4 Axes
 + Level 1.4 Maces & Flails
 + Level 2.9 Polearms
 + Level 1.4 Staves
 + Level 1.4 Slings
 + Level 4.7 Bows
 + Level 1.4 Crossbows
 + Level 1.4 Throwing
 + Level 1.4 Armour
 + Level 8.6 Dodging
 + Level 4.4 Stealth
 + Level 1.4 Shields
 + Level 1.4 Unarmed Combat
 + Level 1.4 Spellcasting
 + Level 1.1 Conjurations
 + Level 1.1 Hexes
 + Level 1.1 Summonings
 + Level 1.1 Necromancy
 + Level 1.1 Translocations
 + Level 1.1 Transmutations
 + Level 1.1 Fire Magic
 + Level 1.1 Ice Magic
 + Level 1.1 Air Magic
 + Level 1.1 Earth Magic
 + Level 1.1 Poison Magic
 + Level 1.6 Invocations
 + Level 1.4 Evocations


You had 6 spell levels left.
You didn't know any spells.
Your spell library was empty.

Dungeon Overview and Level Annotations

Branches:
Dungeon (3/15)

Altars:


Innate Abilities, Weirdness & Mutations

You have very sharp teeth.
Your uncanny sense of smell can sniff out nearby items.
Your experience applies equally to all skills.


Message History

Something hits you but does no damage.
You miss something. Your bite misses something.
You hear some strange, mumbled words.
A puff of flame appears from out of thin air!
The puff of flame hits you!
* * * LOW HITPOINT WARNING * * *
You hit something but do no damage. You miss something. You bite something.
You hear some strange, mumbled words.
A magic dart appears from out of thin air!
The magic dart hits you.
* * * LOW HITPOINT WARNING * * *
You hit something.
Reactivating autopickup.
You feel a bit more experienced. The orc closely misses you.
Items here: )))) [[ ††.
You closely miss the orc. The orc hits you but does no damage.
You hit the orc. You bite the orc, but do no damage.
The orc is lightly wounded.
You barely miss the orc.
The orc is lightly wounded.
The orc hits you but does no damage.
You completely miss the orc.
The orc is lightly wounded.
The orc closely misses you.
You hit the orc but do no damage.
The orc is lightly wounded.
The orc hits you with a +0 flail.
* * * LOW HITPOINT WARNING * * *
You closely miss the orc. Your bite misses the orc.
The orc is lightly wounded.
You hit the orc but do no damage.
The orc is lightly wounded.
The orc hits you with a +0 flail.
* * * LOW HITPOINT WARNING * * *
You hit the orc but do no damage.
The orc is lightly wounded.
The orc hits you with a +0 flail.
You die...

## ##...## #.#
#.#... ##+##
#.###.##.#
##.#####........#
#.......####.####
######..####.####.#
#.................#
#.###.#####..######
#.# #..# #@# #.##
.......o# #.#
###.###.# #.# ...
..# ### ###


You could see an orc.

Vanquished Creatures
  A jelly (D:3)
  An orc wizard (D:3)
  2 adders (D:2)
  A worm (D:2)
  2 dart slugs (D:1)
  7 orcs (D:3)
  6 endoplasms (D:1)
  2 giant cockroaches (D:1)
  4 goblins
  4 hobgoblins
  4 jackals (D:2)
  7 kobolds
  A quokka (D:2)
  2 ball pythons
  7 bats
  2 frilled lizards (D:2)
  5 rats
58 creatures vanquished.

Notes
Turn   | Place    | Note
-------+----------+-------------------------------------------
     0 | D:1      | jimonade the Gnoll Wanderer began the quest for the Orb.
     0 | D:1      | jimonade set off with the following items: a +2 shortbow,
                  | 21 arrows, a +0 spear, a +0 pair of boots, a +0 leather
                  | armour
     0 | D:1      | Reached XP level 1. HP: 17/17 MP: 1/1
   124 | D:1      | Reached XP level 2. HP: 23/23 MP: 2/2
   360 | D:1      | Reached XP level 3. HP: 28/28 MP: 3/3
  1117 | D:2      | Reached skill level 1 in Invocations
  1428 | D:2      | Reached skill level 1 in Short Blades
  1428 | D:2      | Reached skill level 1 in Long Blades
  1428 | D:2      | Reached skill level 1 in Axes
  1428 | D:2      | Reached skill level 1 in Maces & Flails
  1428 | D:2      | Reached skill level 1 in Staves
  1428 | D:2      | Reached skill level 1 in Slings
  1428 | D:2      | Reached skill level 1 in Crossbows
  1428 | D:2      | Reached skill level 1 in Throwing
  1428 | D:2      | Reached skill level 1 in Armour
  1428 | D:2      | Reached skill level 1 in Shields
  1428 | D:2      | Reached skill level 1 in Unarmed Combat
  1428 | D:2      | Reached skill level 1 in Spellcasting
  1428 | D:2      | Reached skill level 1 in Evocations
  1568 | D:2      | Reached XP level 4. HP: 34/34 MP: 5/5
  2178 | D:3      | Reached skill level 1 in Conjurations
  2178 | D:3      | Reached skill level 1 in Hexes
  2178 | D:3      | Reached skill level 1 in Summonings
  2178 | D:3      | Reached skill level 1 in Necromancy
  2178 | D:3      | Reached skill level 1 in Translocations
  2178 | D:3      | Reached skill level 1 in Transmutations
  2178 | D:3      | Reached skill level 1 in Fire Magic
  2178 | D:3      | Reached skill level 1 in Ice Magic
  2178 | D:3      | Reached skill level 1 in Air Magic
  2178 | D:3      | Reached skill level 1 in Earth Magic
  2178 | D:3      | Reached skill level 1 in Poison Magic
  3088 | D:3      | Reached XP level 5. HP: 27/40 MP: 6/6
  3110 | D:3      | HP: 1/40 [orc/+0 flail (3)]
  3111 | D:3      | Slain by an orc

Illustrated notes

Levels and vault maps discovered:
D:1:      erik_arrival_orb_chamber, layout_basic, serial_forest,
          infiniplex_forest_clump_curved, infiniplex_forest_straight_3,
          infiniplex_forest_straight_2, infiniplex_forest_straight_3,
          infiniplex_forest_straight_2, infiniplex_forest_lined_3,
          infiniplex_forest_lined_3, infiniplex_forest_clump_small,
          hangedman_decor_points, minmay_misc_feat_x
D:2:      layout_loops_corners
D:3:      layout_loops_corners

Skill      XL: |  1  2  3  4 |
---------------+-------------+-----
Invocations    | 1 |  1.6
Short Blades   | 1 |  1.4
Long Blades    | 1 |  1.4
Axes           | 1 |  1.4
Maces & Flails | 1 |  1.4
Staves         | 1 |  1.4
Slings         | 1 |  1.4
Crossbows      | 1 |  1.4
Throwing       | 1 |  1.4
Armour         | 1 |  1.4
Shields        | 1 |  1.4
Unarmed Combat | 1 |  1.4
Spellcasting   | 1 |  1.4
Evocations     | 1 |  1.4
Conjurations   | 1 |  1.1
Hexes          | 1 |  1.1
Summonings     | 1 |  1.1
Necromancy     | 1 |  1.1
Translocations | 1 |  1.1
Transmutations | 1 |  1.1
Fire Magic     | 1 |  1.1
Ice Magic      | 1 |  1.1
Air Magic      | 1 |  1.1
Earth Magic    | 1 |  1.1
Poison Magic   | 1 |  1.1
Fighting       | |  2.9
Polearms       | |  2.9
Bows           | |  4.7
Dodging        | |  8.6
Stealth        | |  4.4

Action                   |  1- 3 |  4- 6 || total
-------------------------+-------+-------++-------
Melee: Short sword       |    25 |    95 ||   120
       Bite              |     2 |    10 ||    12
       Punch             |       |     2 ||     2
 Fire: Shortbow          |    69 |     2 ||    71
  Use: Scroll            |       |     2 ||     2
 Stab: Sleeping          |     1 |     3 ||     4
       Distracted        |       |     1 ||     1
Armor: Leather armour    |     2 |    10 ||    12
       Chain mail        |       |     7 ||     7
Dodge: Dodged            |    20 |    32 ||    52
